 Dungeon Crawl Stone Soup version 0.29-a0-111-gbaf749a769 (webtiles) character file.

Game seed: 2764931446919037410

3532 Ordine the Thaumaturge (level 9, -1/52 HPs)
             Began as a Deep Elf Fire Elementalist on Feb 18, 2022.
             Was an Initiate of Vehumet.
             Slain by Duvessa (16 damage)
             ... on level 7 of the Dungeon.
             The game lasted 00:30:33 (9633 turns).

Ordine the Thaumaturge (Deep Elf Fire Elementalist) Turns: 9633, Time: 00:30:33

Health: -1/52      AC:  5    Str:  5    XL:     9   Next: 82%
Magic:  12/23      EV: 19    Int: 25    God:    Vehumet [......]
Gold:   569        SH:  0    Dex: 15    Spells: 16/24 levels left

rFire   . . .      SeeInvis .   p - +4 dagger (speed)
rCold   + . .      Faith    .   (no shield)
rNeg    . . .      Spirit   .   a - +0 robe
rPois   .          Reflect  .   d - +0 helmet
rElec   .          Harm     .   k - +0 cloak
rCorr   .          Rampage  .   q - +0 pair of gloves
Will    .....                   (no boots)
Stlth   ++++......              c - amulet of regeneration
HPRegen 0.97/turn               u - ring of protection from cold
MPRegen 0.18/turn               x - +4 ring of evasion

@: no status effects
A: no striking features
a: Renounce Religion


You were on level 7 of the Dungeon.
You worshipped Vehumet.
Vehumet was noncommittal.
You visited 2 branches of the dungeon, and saw 8 of its levels.
You also visited: Sewer.

You collected 569 gold pieces.

Inventory:

Hand Weapons
 p - a +4 dagger of speed (weapon)
Armour
 a - a +0 robe (worn)
 d - a +0 helmet (worn)
 j - a +0 buckler
 k - a +0 cloak (worn)
 q - a +0 pair of gloves (worn)
Jewellery
 c - an amulet of regeneration (around neck)
 f - a ring of resist corrosion
 u - a ring of protection from cold (left hand)
 x - a +4 ring of evasion (right hand)
 B - a +6 ring of strength
Scrolls
 b - 4 scrolls of teleportation
 h - a scroll of fog
 i - a scroll of immolation
 l - a scroll of vulnerability {unknown}
 m - 3 scrolls of amnesia
 n - 3 scrolls of enchant weapon
 r - a scroll of magic mapping {unknown}
 y - a scroll of torment {unknown}
Potions
 e - 2 potions of mutation
 o - 2 potions of brilliance
 s - 3 potions of cancellation
 t - 2 potions of might
 w - a potion of flight {unknown}
 z - a potion of magic
 A - a potion of haste
 C - 2 potions of berserk rage {unknown}
 D - a potion of invisibility {unknown}


   Skills:
 + Level 4.5 Fighting
 + Level 7.3 Dodging
 + Level 7.9 Stealth
 + Level 8.3 Spellcasting
 + Level 6.2 Conjurations
 + Level 7.1 Fire Magic


You had 16 spell levels left.
You knew the following spells:

 Your Spells              Type           Power      Damage    Failure   Level
a - Foxfire               Conj/Fire      100%       2x1d9     1%          1
b - Inner Flame           Hex/Fire       28%        N/A       4%          3
c - Flame Wave            Conj/Fire      43%        2d9       3%          4

Your spell library contained the following spells:

 Spells                   Type           Power      Damage    Failure   Level
 Magic Dart               Conj           100%       1d8       1%          1
 Scorch                   Fire           92%        2d9       1%          2
 Conjure Flame            Conj/Fire      43%        6-21      1%          3
 Mephitic Cloud           Conj/Pois/Air  20%        N/A       8%          3
 Call Imp                 Summ           10%        N/A       9%          2
 Corpse Rot               Necr/Air       20%        N/A       9%          2
 Poisonous Vapours        Pois/Air       20%        N/A       9%          2


Dungeon Overview and Level Annotations

Branches:
Dungeon (7/15)             Temple (1/1) D:7           Sewer (visited)

Altars:
Ashenzari
Cheibriados
Dithmenos
Elyvilon
Gozag
Hepliaklqana
Kikubaaqudgha
Nemelex Xobeh
Trog
Uskayaw
Vehumet
Wu Jian
Xom
Yredelemnul

Shops:
D:6 :

Annotations:
D:6 giant crystal ring
D:7 Duvessa


Message History

The flame wave engulfs your foxfire.
Your foxfire completely resists.
The flame wave engulfs your foxfire.
Your foxfire completely resists.
The flame wave engulfs the wyvern!
The wyvern is moderately wounded.
You feel sick.
Duvessa hits you with a +1 short sword of venom!
* * * LOW HITPOINT WARNING * * *
You are lethally poisoned!
Duvessa hits you but does no damage.
You are more poisoned.
Unknown command.
You feel better. Duvessa closely misses you. Duvessa completely misses you.
Duvessa closely misses you.
Casting: Flame Wave (dangerous; 3% risk of failure)
Confirm with . or Enter, or press ? or * to list all spells.
Casting: Flame Wave (dangerous; 3% risk of failure)
Press: ? - help, Dir - look around, f - activate A wave of flame ripples out!
The flame wave engulfs Duvessa.
Duvessa is severely wounded.
The flame wave engulfs your foxfire.
Your foxfire completely resists.
The flame wave engulfs your foxfire.
Your foxfire completely resists. (Press . to intensify the flame waves.) Duvessa closely misses you.
Unknown command.
Unknown command.
A wave of flame ripples out!
The flame wave engulfs Duvessa!
Duvessa is almost dead.
The flame wave engulfs your foxfire.
Your foxfire completely resists.
The flame wave engulfs your foxfire.
Your foxfire completely resists.
The flame wave engulfs the wyvern.
The wyvern is heavily wounded.
Duvessa barely misses you.
Duvessa hits you with a +1 short sword of venom!
You die...

≈≈≈♣≈≈♣♣# #......# ≈≈≈≈≈......#
#......# ≈≈≈≈♣♣♣♣...# ####......#
♣≈.♣♣♣♣♣...## #........## ♣≈♣♣
.......# #......#.# ≈≈♣♣♣##.....#
#..[...#.# ≈≈♣♣..'.....#
#......#.########
♣.≈♣..#.....#####v.....#.........
...>........[.le@v.....)>[#######
###....#....######....##...# # #
#....#......# #....##...## # #
#....#<(....# #######..).##### #
#....#......# #.)....... #
#...........####### #.#))#####
#...##......#.....# #.##..#
######......#...#<# #.....#
#......#.#>#.# ####..##


You could see Duvessa (berserk, ally target) and a wyvern.

Vanquished Creatures
  Pikel (D:7)
  Joseph (D:7)
  2 slime creatures (D:5)
  Menkaure (D:6)
  2 ice beasts
  2 water moccasins
  An orc warrior (D:7)
  2 sky beasts
  2 ogres (D:5)
  4 lemures (D:7)
  Blork the orc (D:6)
  A bullfrog (D:6)
  Dowan (D:7)
  2 howler monkeys (D:5)
  4 jellies (D:5)
  4 hounds
  A bullfrog zombie (D:5)
  Crazy Yiuf (D:6)
  4 orc priests
  A bullfrog skeleton (D:4)
  A centaur skeleton (D:6)
  A centaur zombie (D:6)
  A gnoll shaman (D:6)
  8 iguanas
  5 orc wizards
  A hound zombie (D:5)
  3 gnolls (D:6)
  2 river rats (D:6)
  13 adders
  A shadow imp (D:7)
  A worm (D:2)
  A dart slug (D:2)
  11 orcs
  11 bats
  14 endoplasms
  7 giant cockroaches
  3 hobgoblins
  5 jackals
  4 quokkas
  5 ball pythons
  2 goblins
  11 kobolds
  8 rats
157 creatures vanquished.

Vanquished Creatures (others)
  894 foxfires
  8 fungi (D:5)
  71 plants
  8 toadstools (D:5)
981 creatures vanquished.

Grand Total: 1138 creatures vanquished

Notes
Turn   | Place    | Note
-------+----------+-------------------------------------------
     0 | D:1      | Ordine the Deep Elf Fire Elementalist began the quest for
                  | the Orb.
     0 | D:1      | Reached XP level 1. HP: 10/10 MP: 6/6
   373 | D:1      | Reached XP level 2. HP: 15/15 MP: 5/8
  1037 | D:1      | Found a faded altar of an unknown god.
  1814 | D:2      | Reached XP level 3. HP: 20/20 MP: 2/9
  2332 | D:2      | You fall into a shaft and drop 2 floors!
  2389 | D:3      | Reached skill level 1 in Fighting
  2393 | D:3      | Reached XP level 4. HP: 25/25 MP: 0/11
  2654 | D:2      | Learned a level 3 spell: Inner Flame
  3734 | D:3      | Found an ornate altar of the Wu Jian Council.
  4181 | D:4      | Reached skill level 4 in Spellcasting
  4181 | D:4      | Reached XP level 5. HP: 29/29 MP: 3/13
  4705 | D:4      | Reached XP level 6. HP: 34/34 MP: 6/14
  5142 | D:5      | Entered Level 5 of the Dungeon
  5388 | D:5      | Reached XP level 7. HP: 24/40 MP: 4/16
  5478 | D:5      | Reached skill level 5 in Spellcasting
  5798 | D:5      | Reached skill level 5 in Stealth
  6173 | D:5      | Noticed a slime creature
  6173 | D:5      | Noticed a slime creature
  6180 | D:5      | Reached skill level 5 in Fire Magic
  6212 | D:5      | Killed a slime creature
  6213 | D:5      | Reached skill level 5 in Dodging
  6213 | D:5      | Reached XP level 8. HP: 23/45 MP: 2/18
  6409 | D:5      | Killed a slime creature
  6410 | D:5      | Reached skill level 6 in Spellcasting
  6974 | D:6      | Found Kouzar's Self-Improvement Boutique.
  7224 | D:6      | Identified the +1 ring mail of Daffodils {Str+4}
  7310 | D:6      | Noticed Blork the orc
  7319 | D:6      | Killed Blork the orc
  7320 | D:6      | Reached skill level 5 in Conjurations
  7603 | D:6      | Found a glowing drain.
  7608 | Sewer    | Entered a sewer
  7723 | Sewer    | Reached skill level 7 in Spellcasting
  7723 | Sewer    | Reached XP level 9. HP: 52/52 MP: 18/21
  7728 | Sewer    | Learned a level 4 spell: Flame Wave
  7856 | D:6      | Found a runed translucent door.
  7857 | D:6      | Noticed Crazy Yiuf
  7873 | D:6      | Killed Crazy Yiuf
  8144 | D:6      | Noticed Menkaure
  8149 | D:6      | Killed Menkaure
  8446 | D:7      | Noticed Joseph
  8489 | D:7      | Killed Joseph
  8493 | D:7      | Noticed Duvessa
  8880 | D:7      | Noticed Pikel
  8920 | D:7      | Killed Pikel
  8921 | D:7      | Reached skill level 8 in Spellcasting
  9054 | D:7      | Found a staircase to the Ecumenical Temple.
  9069 | Temple   | Entered the Ecumenical Temple
  9087 | Temple   | Became a worshipper of Vehumet
  9370 | D:7      | Noticed Dowan
  9377 | D:7      | Killed Dowan
  9633 | D:7      | Slain by Duvessa

Illustrated notes

Levels and vault maps discovered:
D:1:      dpeg_arrival_water_temple_mockup, layout_loops_ring,
          chequers_ecumenical_altar_grove, serial_rivers,
          chequers_serial_rivers_large_a, chequers_serial_rivers_micro_a,
          chequers_serial_rivers_small_3, chequers_serial_rivers_room_a,
          minmay_vboxes
D:2:      layout_loops_corners, grunt_decor_clamped
D:3:      layout_basic, nicolae_overflow_crystal_walls
D:4:      layout_rooms
D:5:      cheibrodos_fertilizer, layout_loops_ring, serial_bayou_pond_e,
          serial_bayou_lagoon_a
D:6:      layout_rooms, portal_sewer_entry_e, minmay_large_rounded_square,
          nicolae_shop_self_help, uniq_crazy_yiuf_cottage, uniq_menkaure,
          uniq_blork_the_orc
D:7:      layout_basic, minmay_temple_entry_proselytizer, serial_bayou_crossing,
          uniq_pikel, uniq_duvessa, uniq_joseph
Temple:   dshaligram_water_room_temple

Skill      XL: |  1  2  3  4  5  6  7  8  9 |
---------------+----------------------------+-----
Dodging        | 3 4 5 6 7 |  7.3
Stealth        | 3 4 5 6 7 |  7.9
Fighting       | 1 2 3 4 |  4.5
Conjurations   | 2 3 4 5 6 |  6.2
Spellcasting   | 4 5 7 8 |  8.3
Fire Magic     | 4 5 6 7 |  7.1

Action                   |  1- 3 |  4- 6 |  7- 9 || total
-------------------------+-------+-------+-------++-------
Melee: Unarmed           |     1 |       |       ||     1
       Dagger            |       |       |    74 ||    74
       Punch             |       |       |     3 ||     3
 Cast: Foxfire           |   109 |   170 |   310 ||   589
       Flame Wave        |       |       |    10 ||    10
       Inner Flame       |       |       |     1 ||     1
  Use: Potion            |       |     1 |     4 ||     5
       Scroll            |       |       |    13 ||    13
Armor: Robe              |     4 |     3 |    22 ||    29
Dodge: Dodged            |    16 |    14 |   114 ||   144

Table legend: (Time is in decaauts)
 A = Elapsed time spent in this place.
 B = Non-inter-level travel time spent in this place.
 C = Inter-level travel time spent in this place.
 D = Time resting spent in this place.
 E = Time spent auto-exploring this place.
 F = Levels seen in this place.
 G = Mean time per level.
                   A        B        C        D        E       F      G
               +--------+--------+--------+--------+--------+-----+--------+
         Total |   9669 |   9333 |    336 |    857 |   6838 |   9 | 1074.3 |
       Dungeon |   9398 |   9082 |    316 |    836 |   6689 |   7 | 1342.6 |
        Temple |     91 |     71 |     20 |      0 |     57 |   1 |   91.0 |
         Sewer |    178 |    178 |      0 |     21 |     92 |   1 |  178.0 |
               +--------+--------+--------+--------+--------+-----+--------+

Top non-repeatable levels by time:
     D:5: 1750 daAuts
     D:1: 1663 daAuts
     D:2: 1573 daAuts
     D:6: 1368 daAuts
     D:3: 1083 daAuts
     D:7: 1031 daAuts
     D:4: 927 daAuts
   Sewer: 178 daAuts
  Temple: 91 daAuts
